 Dungeon Crawl Stone Soup version 0.24-b1 (webtiles) character file.

Game seed: 6141092613860757817, levelgen mode: deterministic

1185 Mattoad the Grappler (level 8, -10/75 HPs)
             Began as a Troll Fighter on Oct 12, 2019.
             Killed by divine providence
             ... invoked by an orc priest
              (15 damage)
             ... on level 7 of the Dungeon.
             The game lasted 00:10:11 (2448 turns).

Mattoad the Grappler (Troll Fighter)                Turns: 2448, Time: 00:10:11

Health: -10/75     AC:  9    Str: 25    XL:     8   Next: 19%
Magic:  7/7        EV: 11    Int:  4    God:
Gold:   212        SH:  0    Dex: 11    Spells: 7/7 levels left

rFire    . . .     SeeInvis .     - Unarmed
rCold    . . .     Gourm    +   (no shield)
rNeg     . . .     Faith    .   a - +0 robe
rPois    .         Spirit   .   (helmet restricted)
rElec    .         Reflect  .   k - +2 cloak
rCorr    .         Harm     .   (gloves unavailable)
MR       .....                  (boots unavailable)
Stlth    +.........             (no amulet)
HPRegen  0.62/turn              (no ring)
MPRegen  0.10/turn              (no ring)

@: no status effects
A: large, unfitting armour, claws 3, fast metabolism 3, gourmand, regeneration
1, shaggy fur 1, tough skin 3
a: no special abilities


You were on level 7 of the Dungeon.
You were not hungry.

You visited 1 branch of the dungeon, and saw 7 of its levels.

You collected 212 gold pieces.

Inventory:

Armour
 a - a +0 robe (worn)
 k - a +2 cloak (worn)
Scrolls
 b - a scroll of remove curse
 g - a scroll of fog
 h - 2 scrolls of magic mapping
 j - a scroll of fear {unknown}
 m - 2 scrolls of enchant armour {unknown}
Potions
 c - a potion of lignification {unknown}
 e - 2 potions of degeneration {unknown}
 i - 2 potions of curing {unknown}
 l - 2 potions of magic {unknown}
 n - 2 potions of brilliance {unknown}
Comestibles
 d - a ration


   Skills:
 + Level 3.2 Fighting
 + Level 4.2 Dodging
 - Level 0.1 Stealth
   Level 2.4 Shields
 * Level 8.7 Unarmed Combat


You had 7 spell levels left.
You didn't know any spells.
Your spell library was empty.

Dungeon Overview and Level Annotations

Branches:
Dungeon (7/15)
 Temple: D:4-7

Altars:
Ashenzari
Kikubaaqudgha
Ru


Innate Abilities, Weirdness & Mutations

You are too large for most types of armour.
You have claws for hands.
Your metabolism is lightning-fast.
You like to eat raw meat.
Your natural rate of healing is unusually fast.
You are covered in fur. (AC +1)
You have extremely tough skin. (AC +3)


Message History

The orc priest barely misses you.
You barely miss the orc priest.
The orc warrior hits you with a +0 trident!
The orc priest casts a cantrip, but nothing happens.
You claw the orc priest!
The orc priest is heavily wounded.
The orc priest hits you but does no damage.
The orc priest barely misses you.
The orc warrior hits you with a +0 trident!!
* * * LOW HITPOINT WARNING * * *
You scratch the orc warrior.
The orc warrior is severely wounded.
The orc warrior barely misses you.
The orc priest casts a cantrip, but nothing happens.
The orc warrior barely misses you. The orc warrior barely misses you.
The orc priest looks encouraged for a moment.
The orc priest mumbles some strange prayers to Beogh against you.
Beogh smites you!
You die...

# .. #.........
###.... ###.......≈.
....... ..
#.'........≈ ###....
#. #o'........≈ .##
.. #.#####S#.......≈.
..#
#.#...[o#.........
.##
#.#.###o#......... ##
#.#.# #.##........ #
#.#.###@###....... #
#....##.# #...... ##
###..##.# #..... .##
#..##.# ..##
####..##.# ...##
##.##.....#
....####...##.######
....'................
....####...##########


You could see an orc warrior, 2 orc priests and an adder.

Vanquished Creatures
  Sigmund (D:2)
  An orc warrior (D:7)
  A sky beast (D:5)
  2 ogres (D:7)
  A big kobold (D:7)
  A bullfrog (D:7)
  2 scorpions
  A crimson imp (D:7)
  Crazy Yiuf (D:2)
  3 orc priests (D:7)
  A hound (D:7)
  2 orc wizards (D:7)
  2 iguanas
  2 worker ants
  A hound skeleton (D:6)
  An adder (D:2)
  2 shadow imps (D:5)
  An ooze (D:1)
  A worm (D:2)
  A dart slug (D:1)
  3 leopard geckos
  7 orcs
  4 giant cockroaches
  9 goblins
  5 hobgoblins
  2 jackals (D:1)
  7 kobolds
  4 bats
  5 frilled lizards
  6 rats
80 creatures vanquished.

Notes
Turn   | Place    | Note
-------+----------+-------------------------------------------
     0 | D:1      | Mattoad the Troll Fighter began the quest for the Orb.
     0 | D:1      | Reached XP level 1. HP: 22/22 MP: 0/0
    36 | D:1      | You fall into a shaft and drop 1 floor!
   146 | D:1      | Reached XP level 2. HP: 28/29 MP: 1/1
   467 | D:1      | Reached XP level 3. HP: 36/36 MP: 2/2
  1069 | D:2      | Found a runed translucent door.
  1070 | D:2      | Noticed Crazy Yiuf
  1086 | D:2      | Reached skill level 3 in Unarmed Combat
  1108 | D:2      | Killed Crazy Yiuf
  1108 | D:2      | Reached XP level 4. HP: 26/44 MP: 0/3
  1150 | D:2      | Noticed Sigmund
  1160 | D:2      | Killed Sigmund
  1160 | D:2      | Reached skill level 4 in Unarmed Combat
  1160 | D:2      | Reached XP level 5. HP: 35/52 MP: 4/4
  1315 | D:2      | Reached skill level 5 in Unarmed Combat
  1648 | D:5      | Entered Level 5 of the Dungeon
  1682 | D:5      | Noticed a sky beast
  1697 | D:5      | Reached XP level 6. HP: 61/61 MP: 5/5
  1707 | D:5      | Killed a sky beast
  1770 | D:6      | Reached skill level 6 in Unarmed Combat
  1808 | D:6      | Found a shattered altar of Ashenzari.
  1880 | D:7      | Reached XP level 7. HP: 29/67 MP: 6/6
  1982 | D:7      | Reached skill level 7 in Unarmed Combat
  2164 | D:7      | Found a sacrificial altar of Ru.
  2166 | D:7      | Found an ancient bone altar of Kikubaaqudgha.
  2336 | D:7      | Reached skill level 8 in Unarmed Combat
  2337 | D:7      | Reached XP level 8. HP: 36/75 MP: 7/7
  2443 | D:7      | HP: 2/75 [orc warrior/+0 trident (21)]
  2448 | D:7      | Killed from afar by an orc priest

Skill      XL: |  1  2  3  4  5  6  7 |
---------------+----------------------+-----
Unarmed Combat | 3 4 5 6 8 |  8.7
Dodging        | 3 4 |  4.2
Fighting       | 3 |  3.2
Stealth        | |  0.1
Shields        | |  2.4

Action                   |  1- 3 |  4- 6 |  7- 9 || total
-------------------------+-------+-------+-------++-------
Melee: Unarmed           |    93 |    60 |    83 ||   236
  Use: Scroll            |       |       |     3 ||     3
       Potion            |       |       |     1 ||     1
  Eat: Chunk             |     7 |     4 |       ||    11
       Ration            |       |     3 |       ||     3
Armor: Robe              |    53 |    27 |    25 ||   105
Dodge: Dodged            |    76 |    35 |    52 ||   163
